Map: Pilares de oro EE

Players

Jormel

  • Race: Terran Terran
  • League: Gold
  • Spawn Location: 7:00

MrFercho - Winner!

  • Race: Zerg Zerg
  • League: Silver
  • Spawn Location: 1:00

VOD

Have the link to the VOD?

Description

Time

  • Played on: July 11, 2020, 11:24 p.m.
  • Length: 17:07
Show
View Real Time Build Order
Export as new Build Order

Jormel Terran 

Build Orders: Liberator Opening 

Get SALT Encoding   

  12  0:02  SCV  
  13  0:17  Supply Depot  
  13  0:20  SCV  
  14  0:32  SCV  
  15  0:42  Barracks  
  15  0:45  SCV  
  16  0:57  Refinery  
  16  0:59  SCV  
  17  1:16  SCV  
  18  1:28  SCV  
  18  1:30  Supply Depot  
  19  1:41  Orbital Command  
  19  2:05  Factory  
  19  2:07  Marine  
  20  2:25  SCV  
  21  2:45  Command Center  
  21  2:53  Starport  
  21  3:02  Marine  
  22  3:12  Barracks  
  22  3:18  Factory Tech Lab  
  22  3:27  Marine  
  22  3:30  SCV  
  24  3:43  SCV  
  24  3:47  Liberator  
  28  4:02  Bunker  
  28  4:08  SCV  
  29  4:11  Refinery  
  29  4:13  Orbital Command  
  29  4:41  Factory Tech Lab  
  29  4:47  Liberator  
  29  4:51  SCV  
  33  5:03  SCV  
  34  5:14  SCV  
  34  5:19  Siege Tank  
  38  5:24  SCV  
  38  5:26  SCV  
  40  5:31  Barracks Reactor  
  40  5:38  SCV  
  41  5:50  Stimpack  
  41  6:01  Viking  
  43  6:11  SCV, Supply Depot  
  44  6:13  SCV  
  45  6:18  Marine  
  46  6:32  Marine x2  
  46  6:33  SCV x2  
  46  6:36  Marine  
  45  6:59  Siege Tank  
  48  7:01  Marine  
  48  7:03  Marine  
  48  7:04  Marine  
  51  7:10  SCV  
  51  7:13  SCV  
  53  7:19  Supply Depot  
  53  7:22  SCV  
  54  7:41  SCV x2  
  54  7:42  Medivac  
  58  7:56  Marine x3  
  61  8:13  Supply Depot  
  61  8:14  Marine  
  62  8:30  Medivac  
  62  8:31  Siege Tank  
  49  8:57  Supply Depot  
  49  9:00  Supply Depot  
  49  9:03  Siege Tank  
  49  9:04  Supply Depot  
  52  9:11  SCV  
  52  9:12  Factory  
  53  9:23  SCV  
  54  9:49  Supply Depot, Command Center  
  54  9:50  Refinery  
  54  9:55  Refinery  
  54  9:56  Siege Tank  
  57  10:01  Factory Tech Lab  
  57  10:08  Supply Depot  
  57  10:10  SCV  
  57  10:12  Supply Depot  
  58  10:21  Supply Depot  
  58  10:22  SCV  
  59  10:29  Siege Tank x2  
  65  10:36  Armory  
  65  10:43  Supply Depot  
  65  10:47  Supply Depot  
  65  11:00  Supply Depot  
  65  11:01  Siege Tank  
  65  11:03  Supply Depot  
  68  11:15  Supply Depot  
  68  11:20  Factory  
  68  11:25  Factory  
  68  11:33  Siege Tank  
  68  11:34  Thor  
  77  11:45  Engineering Bay  
  77  11:48  Terran Vehicle Weapons Level 1  
  77  12:05  Thor  
  83  12:17  Thor  
  83  12:19  Factory Tech Lab  
  83  12:21  Supply Depot  
  89  12:25  Factory  
  89  12:27  SCV  
  90  12:39  SCV  
  90  12:40  Thor  
  97  12:51  SCV  
  97  12:52  Refinery  
  97  12:56  Refinery  
  104  13:15  Thor  
  104  13:16  Thor  
  105  13:31  Hellbat  
  107  13:53  Hellbat  
  105  13:58  Thor  
  105  13:59  Hellbat  
  101  14:14  Hellbat  
  91  14:48  Thor x3  
  109  15:16  Command Center  
  109  15:30  Thor  
  109  15:35  Thor  
Show
View Real Time Build Order
Export as new Build Order

MrFercho Zerg - Winner!

Build Orders: Hatch First, Lurkers 

Get SALT Encoding   

  12  0:01  Drone  
  13  0:14  Overlord  
  13  0:18  Drone  
  14  0:32  Drone x2  
  16  0:52  Hatchery  
  16  0:54  Drone  
  16  0:57  Drone  
  16  1:01  Drone  
  18  1:08  Extractor  
  17  1:17  Spawning Pool  
  16  1:21  Drone  
  16  1:23  Drone  
  18  1:29  Drone  
  19  1:40  Drone  
  20  1:51  Overlord  
  20  2:02  Drone  
  20  2:04  Queen  
  20  2:05  Queen  
  20  2:06  Drone  
  26  2:17  Drone x2  
  28  2:25  Metabolic Boost  
  28  2:27  Drone x2  
  30  2:41  Overlord  
  30  2:42  Zergling x2  
  31  2:44  Queen  
  33  2:52  Lair  
  33  2:53  Drone x2  
  35  3:08  Drone x3  
  38  3:21  Drone x6  
  38  3:23  Overlord x2  
  44  3:45  Evolution Chamber  
  43  3:54  Zergling x10  
  48  4:03  Overlord x2  
  48  4:08  Extractor  
  47  4:10  Extractor  
  47  4:13  Zergling x6  
  47  4:14  Zergling x2  
  50  4:23  Hatchery  
  49  4:35  Baneling Nest  
  48  4:38  Zerg Melee Weapons Level 1  
  48  4:50  Drone x8  
  56  5:02  Hydralisk Den  
  56  5:05  Drone  
  56  5:06  Infestation Pit, Drone  
  57  5:07  Drone  
  57  5:15  Hatchery  
  56  5:22  Centrifical Hooks  
  56  5:29  Baneling x4  
  56  5:31  Zergling x10  
  61  5:40  Evolution Chamber  
  60  5:51  Drone x11  
  71  5:59  Spore Crawler  
  71  6:01  Spore Crawler  
  71  6:03  Spore Crawler  
  68  6:06  Spore Crawler  
  68  6:07  Hydralisk  
  68  6:08  Hydralisk x2  
  68  6:10  Overlord x4  
  73  6:14  Spore Crawler  
  72  6:19  Spore Crawler  
  72  6:22  Hydralisk  
  72  6:25  Overlord  
  67  6:55  Zergling x16  
  67  6:56  Zergling x6  
  67  6:59  Muscular Augments  
  78  7:11  Hive, Extractor  
  78  7:12  Drone x3  
  78  7:14  Drone  
  81  7:15  Drone  
  81  7:19  Queen  
  84  7:28  Lurker Den  
  83  7:44  Hydralisk x8  
  99  8:01  Overlord x3  
  99  8:02  Overlord x3  
  99  8:07  Baneling x9  
  99  8:10  Grooved Spines  
  95  8:55  Spore Crawler  
  94  8:58  Adaptive Talons  
  94  9:02  Overlord x5  
  94  9:04  Zergling x14  
  101  9:13  Spine Crawler  
  101  9:14  Spine Crawler, Drone x2  
  101  9:17  Drone x2  
  103  9:27  Zerg Melee Weapons Level 2  
  103  9:28  Zerg Ground Armor Level 1  
  103  9:31  Adrenal Glands  
  103  9:35  Hydralisk  
  103  9:36  Hydralisk x2  
  109  9:43  Extractor  
  109  9:44  Extractor  
  107  9:55  Seismic Spines  
  107  9:58  Hatchery  
  106  10:05  Overseer x2  
  106  10:08  Pneumatized Carapace  
  106  10:39  Drone x16  
  106  10:40  Drone x4  
  127  10:50  Drone x7  
  133  10:57  Baneling x2  
  133  10:58  Baneling x10  
  133  10:59  Baneling x3  
  133  11:00  Hydralisk x4  
  141  11:27  Hydralisk x9  
  159  11:33  Extractor  
  159  11:36  Extractor  
  157  12:00  Lurker x7  
  164  12:13  Spire  
  163  13:14  Hydralisk x14  
  163  13:15  Hydralisk x3  
  163  13:17  Overlord x3  
  163  13:18  Overlord x3  
  148  15:03  Zergling x4  
  148  15:04  Zergling x54  
  148  15:05  Zergling x22  
  188  15:08  Greater Spire  
  188  15:24  Baneling x9  
  188  15:25  Baneling x7  
  156  15:59  Corruptor  
  156  16:00  Corruptor x9  
  156  16:02  Corruptor  
  177  16:22  Lurker x6  
Tags
 
Add a new tag
Caveats
  • Supply blocks, unpowered buildings, or Contaminate may cause inaccurate times.
  • Supply counts are checked every 10 seconds.